 Dungeon Crawl Stone Soup version 0.31.0-32-g396128a36d (webtiles) character file.

Game seed: 1760960214199629081

223 hamd0g the Covered (level 6, -2/47 HPs)
             Began as a Human Fighter on Mar 25, 2024.
             Slain by an orc priest
             ... wielding a +2 heavy flail
              (13 damage)
             ... on level 3 of the Dungeon.
             The game lasted 00:19:06 (3562 turns).

hamd0g the Covered (Human Fighter)                  Turns: 3562, Time: 00:19:06

Health: -2/47      AC: 11    Str: 19    XL:     6   Next: 0%
Magic:  6/6        EV:  5    Int:  8    God:
Gold:   128        SH:  4    Dex: 12    Spells: 5/5 levels left

rFire   . . .        a - +0 long sword
rCold   . . .        c - +0 buckler
rNeg    . . .        u - +0 plate armour
rPois   .            (no helmet)
rElec   .            (no cloak)
rCorr   .            (no gloves)
SInv    .            (no boots)
Will    .....        (no amulet) Stlth
                     (no ring)
HPRegen 0.27/turn    (no ring)
MPRegen 0.10/turn

%: no passive effects
@: about to teleport
A: explore regen
a: no special abilities


You were on level 3 of the Dungeon.
You visited 1 branch of the dungeon, and saw 4 of its levels.

You collected 167 gold pieces.
You spent 39 gold pieces at shops.

Inventory:

Hand Weapons
 a - a +0 long sword (weapon)
 g - a +0 dagger
 i - a +0 flail
 j - a +0 dagger
 l - a +0 dagger
 m - a +0 dagger
 n - a +0 long sword
 o - a +0 short sword
Missiles
 k - 2 javelins (quivered)
Armour
 b - a +0 scale mail
 c - a +0 buckler (worn)
 e - a +0 ring mail
 t - a +0 ring mail
 u - a +0 plate armour (worn)
 A - a +0 ring mail
Scrolls
 d - 2 scrolls of poison {unknown}
 h - a scroll of teleportation
 p - a scroll of vulnerability {unknown}
 r - a scroll of fog {unknown}
 s - a scroll of revelation {unknown}
 v - 3 scrolls of identify {unknown}
 w - a scroll of brand weapon {unknown}
 x - a scroll of amnesia
 y - a scroll of summoning {unknown}
 B - a scroll of noise {unknown}
Potions
 f - 3 potions of attraction {unknown}
 q - 5 potions of curing
 z - a potion of cancellation {unknown}


   Skills:
 + Level 3.6 Fighting
 + Level 3.7 Long Blades
 + Level 0.2 Throwing
 * Level 4.3 Armour
 * Level 1.3 Dodging
 + Level 0.1 Stealth
 + Level 3.4 Shields


You had 5 spell levels left.
You didn't know any spells.
Your spell library was empty.

Dungeon Overview and Level Annotations

Branches:
Dungeon (4/15)
 Temple: D:4-7

Altars:

Shops:
D:1 [!*   D:3 *


Innate Abilities, Weirdness & Mutations

You regain HP and MP as you explore.


Message History

The orc is moderately wounded.
The orc priest looks satisfied for a moment.
You closely miss the orc.
The orc is lightly wounded.
The orc hits you but does no damage.
The orc priest miscasts a cantrip.
You block the orc's attack.
You slash the orc!
You kill the orc!
You block the orc priest's attack.
You have reached level 6!
You hit the orc priest.
The orc priest is moderately wounded.
The orc priest mumbles some strange prayers to Beogh against you.
Beogh smites you!
You barely miss the orc priest.
The orc priest is moderately wounded.
The orc priest closely misses you.
You closely miss the orc priest.
The orc priest is moderately wounded.
The orc priest looks braver for a moment.
You closely miss the orc priest.
The orc priest is moderately wounded.
The orc priest hits you with a +2 heavy flail!
You slash the orc priest!
The orc priest is severely wounded.
The orc priest mumbles some strange prayers to Beogh against you.
Beogh smites you!
* * * LOW HITPOINT WARNING * * *
You can't go down here!
You can't go down here!
You block the orc priest's attack.
You climb upwards.
There is a stone staircase leading down here.
You feel better.
Sorry, you're not good enough to have a special ability.
As you read the scroll of teleportation, it crumbles to dust.
You feel strangely unstable.
The orc priest hits you with a +2 heavy flail!
You die...

#..# #.#.#.#.#.# #.##.## ..##
#.##......#####.##.# .##
#.###.###.......##.# .#
#.#######.########'## <#
#.........# ##...##
.################.# ##.....##
.......# ##..# ##.......##
#...##.########...####.........##
................@....'.........'.
#...##<########.o>####.........##
##.###.# ##..# ##.......##
#####.# ##.# ##.....## #..#
######.# ##...## #.## ##...##.##
##'## #.# ##.#......# #.# #.#
#.##.##...# #.# #.# #.##......#
##.######


You could see an orc priest.

Vanquished Creatures
  An orc priest (D:3)
  Terence (D:3)
  2 orc wizards
  2 adders
  A dart slug (D:1)
  4 ribbon worms
  11 orcs
  7 bats
  7 endoplasms
  3 giant cockroaches
  9 goblins
  5 hobgoblins
  A jackal (D:1)
  3 quokkas
  5 ball pythons
  A frilled lizard (D:1)
  5 kobolds
  10 rats
78 creatures vanquished.

Notes
Turn   | Place    | Note
-------+----------+-------------------------------------------
     0 | D:1      | hamd0g the Human Fighter began the quest for the Orb.
     0 | D:1      | Reached XP level 1. HP: 18/18 MP: 1/1
    35 | D:1      | Found Vyar's Distillery.
    57 | D:1      | Reached XP level 2. HP: 24/24 MP: 2/2
   118 | D:1      | Found Qied's Armour Emporium.
   446 | D:1      | Reached XP level 3. HP: 29/29 MP: 3/3
   551 | D:1      | Bought a potion of curing for 39 gold pieces
   583 | D:1      | Found Ygue's General Store.
  1973 | D:2      | Reached XP level 4. HP: 35/35 MP: 4/4
  2253 | D:3      | Noticed Terence
  2291 | D:3      | Killed Terence
  2292 | D:3      | Reached skill level 4 in Armour
  2523 | D:3      | Reached skill level 1 in Dodging
  2523 | D:3      | Reached XP level 5. HP: 17/41 MP: 5/5
  2765 | D:3      | Found Wybbog's Assorted Antiques.
  3554 | D:4      | Reached XP level 6. HP: 41/47 MP: 6/6
  3562 | D:3      | Slain by an orc priest

Illustrated notes

Levels and vault maps discovered:
D:1:      spicycebolla_arrival_transporter_tutorial, layout_basic, serial_shops,
          nicolae_shop_peninsula, shop, shop, chequers_serial_rivers_micro_e,
          st_stairs_13, minmay_split_cup_large
D:2:      layout_loops_corners, serial_bayou_pond_c
D:3:      layout_loops_corners, serial_shops, shop, uniq_terence
D:4:      layout_loops_ring, kennysheep_generic_room_13, uniq_pikel

Skill      XL: |  1  2  3  4 |
---------------+-------------+-----
Armour         | 4 |  4.3
Long Blades    | 3 |  3.7
Dodging        | 1 |  1.3
Fighting       | |  3.6
Throwing       | |  0.2
Stealth        | |  0.1
Shields        | |  3.4

Action                     |  1- 3 |  4- 6 || total
---------------------------+-------+-------++-------
  Melee: Long sword        |   142 |   107 ||   249
  Throw: Javelin           |     2 |     5 ||     7
    Use: Scroll            |     2 |     1 ||     3
         Potion            |       |     4 ||     4
 Armour: Scale mail        |    65 |       ||    65
         Plate armour      |    58 |    94 ||   152
         Skin              |       |    14 ||    14
  Dodge: Dodged            |    58 |    23 ||    81
  Block: Buckler           |    40 |    19 ||    59
